 Dungeon Crawl Stone Soup version 0.27-a0-1513-g2aaa0cc67b (webtiles) character file.

Game seed: 14776021762270189384

16 dickylongcocking the Sneak (level 2, -1/36 HPs)
             Began as a Djinni Wanderer on July 9, 2021.
             Killed from afar by Natasha (5 damage)
             ... with a magic dart
             ... on level 2 of the Dungeon.
             The game lasted 00:01:22 (1176 turns).

dickylongcocking the Sneak (Djinni Wanderer)        Turns: 1176, Time: 00:01:23

Health: -1/36      AC: 21    Str: 14    XL:     2   Next: 75%
Gold:   29         EV:  2    Int: 11    God:
                   SH:  0    Dex: 11

rFire    . . .     SeeInvis .   a - +2 dagger
rCold    . . .     Faith    .   (no shield)
rNeg     + + +     Spirit   .   (armour currently unavailable)
rPois    ∞         Reflect  .   (helmet currently unavailable)
rElec    .         Harm     .   (cloak currently unavailable)
rCorr    +         Rampage  .   (gloves currently unavailable)
Will     .....     NoTele   +   (boots unavailable)
Stlth    ++........             (no amulet)
HPRegen  0.12/turn              g - ring of resist corrosion
MPRegen  0.00/turn              (no ring)

@: tree-form, very slightly contaminated, slowed, invisible, very slow
A: stationary, stasis, torment immunity, boosted hp, sickness immunity, (fire
resistance 2), (cold vulnerability 1), float, innate caster, hp casting, extra
vitality 1
a: no special abilities


You were on level 2 of the Dungeon.
You were a tree.
You visited 1 branch of the dungeon, and saw 2 of its levels.

You collected 49 gold pieces.
You spent 20 gold pieces at shops.

Inventory:

Hand Weapons
 a - a +2 dagger (weapon)
Armour
 c - a +0 robe (melded)
Jewellery
 g - a ring of resist corrosion (left branch)
Scrolls
 b - a scroll of fear
 e - a scroll of vulnerability
 h - a scroll of enchant weapon {unknown}
 i - a scroll of identify


   Skills:
 * Level 2.5 Fighting
 - Level 1.5 Polearms
 - Level 1.1 Dodging
 - Level 3.2 Stealth
 - Level 1.0 Shields
 - Level 1.0 Unarmed Combat


You couldn't memorise any spells.
You knew the following spells:

 Your Spells              Type           Power      Damage    Failure   Level
a - Slow                  Hex            0%         N/A       47%         2
b - Ensorcelled Hibernat  Hex/Ice        0%         N/A       47%         2
c - Tukima's Dance        Hex            0%         N/A       71%         3
d - Corona                Hex            0%         N/A       34%         1

Your spell library contained the following spells:

 Spells                   Type           Power      Damage    Failure   Level


Dungeon Overview and Level Annotations

Branches:
Dungeon (2/15)

Altars:
Uskayaw

Shops:
D:1 =(?!   D:2 *

Annotations:
D:2 Natasha


Innate Abilities, Weirdness & Mutations

You are a tree.
Your roots penetrate the ground, keeping you stationary.
You cannot be teleported.
You are immune to unholy pain and torment.
Your maximum health is greatly increased.
Your equipment is partially melded.
You are immune to sickness and miasma.
You are immune to poison.
((Your flesh is very heat resistant. (rF++)))
((You are vulnerable to cold. (rC-)))
You float through the air rather than walking.
You learn spells naturally, not from books.
Your magical power is your life essence.
You have superior vitality. (+4 HP)


Message History

The magic dart hits you! Natasha claws you but does no damage.
Things that are here:
a +0 whip; 3 stones; a kobold corpse You are too injured to fight recklessly!
Natasha is nearby!
You are too injured to fight recklessly!
Unknown command.
It was a potion of invisibility.
You fade into invisibility!
Natasha claws you.
* * * LOW HITPOINT WARNING * * *
You are very lightly contaminated with residual magic.
Unknown command.
It was a potion of lignification.
You turn into a tree.
Your +0 robe melds into your body.
Your roots penetrate the ground.
Natasha casts a spell at you.
You feel yourself slow down.
Unknown command.
Unknown command.
Unknown command.
You hit Natasha.
Natasha is lightly wounded.
Natasha howls an incantation.
Natasha shimmers violently.
Natasha claws you.
* * * LOW HITPOINT WARNING * * *
You hit Natasha.
Natasha is lightly wounded.
Natasha claws you but does no damage. x2
You hit Natasha.
Natasha is moderately wounded.
Natasha stares at you and mumbles some strange words.
You resist with significant effort.
You hit Natasha but do no damage.
Natasha is moderately wounded.
Natasha claws you but does no damage.
Natasha stares at you and mumbles some strange words.
The magic dart hits you.
You die...

+# #.# #.# #####.##
..#...## #......#
## #####.#†..##....
#h♣?.........#
...>...###.##.#####
##.#.## #.##.# #
#.##.# #.##.# ####
..##.# ...# ####.#
...# ####.# ...#
#....#


You could see Natasha.

Vanquished Creatures
  3 endoplasms
  A goblin (D:2)
  A hobgoblin (D:2)
  A kobold (D:2)
  A quokka (D:1)
  6 bats
  2 frilled lizards (D:2)
15 creatures vanquished.

Notes
Turn   | Place    | Note
-------+----------+-------------------------------------------
     0 | D:1      | dickylongcocking the Djinni Wanderer began the quest for
                  | the Orb.
     0 | D:1      | Reached XP level 1. HP: 17/17 MP: 0/0
   282 | D:1      | Found a faded altar of an unknown god.
   353 | D:1      | Found Hilotarph's Jewellery Boutique.
   417 | D:1      | Found Xoukk's Weapon Shoppe.
   422 | D:1      | Found Dudar's Magic Scroll Emporium.
   522 | D:1      | Reached XP level 2. HP: 23/23 MP: 0/0
   526 | D:1      | Found Ylatt's Distillery.
   622 | D:1      | Found Peathrui's Weapon Emporium.
   749 | D:2      | Found a hide-covered altar of Uskayaw.
   822 | D:2      | Found Werayt's General Store.
   830 | D:2      | Bought a scroll of identify for 20 gold pieces
  1167 | D:2      | Noticed Natasha
  1176 | D:2      | Killed from afar by Natasha

Illustrated notes

Levels and vault maps discovered:
D:1:      dpeg_arrival_houses_and_road, layout_basic, serial_shops,
          nicolae_shop_stone, shop, nicolae_shop_trees, shop, shop,
          shapermc_ecumenical_altar_rom_forum
D:2:      minmay_diamond_boxcup, layout_loops_corners, basic_altar,
          serial_shops, shop, minmay_tripent, uniq_natasha

Skill      XL: |  1 |
---------------+----+-----
Fighting       | 2 |  2.5
Polearms       | |  1.5
Dodging        | |  1.1
Stealth        | |  3.2
Shields        | |  1.0
Unarmed Combat | |  1.0

Action                   || total
-------------------------++-------
Melee: Dagger            ||    50
  Use: Potion            ||     2
       Scroll            ||     1
 Stab: Sleeping          ||     5
Armor: Robe              ||    12
       Skin              ||     3
Dodge: Dodged            ||    47

Table legend: (Time is in decaauts)
 A = Elapsed time spent in this place.
 B = Non-inter-level travel time spent in this place.
 C = Inter-level travel time spent in this place.
 D = Time resting spent in this place.
 E = Time spent auto-exploring this place.
 F = Levels seen in this place.
 G = Mean time per level.
                   A        B        C        D        E       F      G
               +--------+--------+--------+--------+--------+-----+--------+
         Total |   1176 |   1157 |     19 |      0 |   1002 |   2 |  588.0 |
       Dungeon |   1176 |   1157 |     19 |      0 |   1002 |   2 |  588.0 |
               +--------+--------+--------+--------+--------+-----+--------+

Top non-repeatable levels by time:
     D:1: 672 daAuts
     D:2: 504 daAuts
